 Dungeon Crawl Stone Soup version 0.29.1-1-gd02db6906a (webtiles) character file.

Game seed: 11586644379806060850

160 AarnesTheHuman the Chopper (level 5, 0/49 HPs)
             Began as a Hill Orc Monk on Oct 4, 2022.
             Slain by an iguana (10 damage)
             ... on level 4 of the Dungeon.
             The game lasted 00:05:54 (4476 turns).

AarnesTheHuman the Chopper (Hill Orc Monk)          Turns: 4476, Time: 00:05:54

Health: 0/49       AC:  8    Str: 16    XL:     5   Next: 41%
Magic:  5/5        EV: 12    Int: 10    God:
Gold:   207        SH:  0    Dex: 13    Spells: 4/4 levels left

rFire   . . .      SeeInvis .   a - +0 hand axe
rCold   + . .      Faith    .   (no shield)
rNeg    . . .      Spirit   .   j - +3 leather armour {rC+}
rPois   .          Reflect  .   (no helmet)
rElec   .          Harm     .   k - +1 cloak
rCorr   .          Rampage  .   (no gloves)
Will    .....                   (no boots)
Stlth   ++........              (no amulet)
HPRegen 0.16/turn               (no ring)
MPRegen 0.09/turn               (no ring)

@: no status effects
A: no striking features
a: no special abilities


You were on level 4 of the Dungeon.
You visited 1 branch of the dungeon, and saw 4 of its levels.

You collected 207 gold pieces.

Inventory:

Hand Weapons
 a - a +0 hand axe (weapon)
Missiles
 f - 4 stones (quivered)
Armour
 b - a +0 robe
 j - a +3 leather armour of cold resistance (worn)
 k - a +1 cloak (worn)
Magical Staves
 m - a staff of earth
Wands
 n - a wand of mindburst (12)
Scrolls
 d - a scroll of identify
 g - a scroll of enchant armour
Potions
 c - a potion of flight {unknown}
 e - a potion of lignification {unknown}
 h - 2 potions of degeneration
 i - 2 potions of curing {unknown}
 l - a potion of magic {unknown}


   Skills:
 + Level 5.6 Fighting
 + Level 6.1 Axes
 - Level 2.4 Dodging
 - Level 1.6 Stealth


You had 4 spell levels left.
You didn't know any spells.
Your spell library contained the following spells:

 Spells                   Type           Power      Damage    Failure   Level
 Gell's Gravitas          Tloc           0%         N/A       80%         3
 Stone Arrow              Conj/Erth      0%         3d7       80%         3
 Teleport Other           Tloc           0%         N/A       80%         3
 Animate Armour           Summ/Erth      0%         N/A       99%         4
 Dispersal                Tloc           0%         N/A       100%        6
 Lehudib's Crystal Spear  Conj/Erth      0%         10d2      100%        8


Dungeon Overview and Level Annotations

Branches:
Dungeon (4/15)             Temple (0/1) D:4

Altars:


Message History

No target in view!
You see here a quokka corpse.
An iguana comes into view.
The iguana hisses angrily.
You see here 12 gold pieces.
Throw: 6 stones
Press: ? - help, Q - select action, (/) - cycle Shift-Dir - straight line, f - iguana
Aim: an iguana (63% to hit)
You throw a stone. The stone barely misses the iguana.
Throw: 5 stones
Press: ? - help, Q - select action, (/) - cycle Shift-Dir - straight line, f/p - iguana
Aim: an iguana (63% to hit)
You throw a stone. The stone barely misses the iguana.
The iguana bites you!
You barely miss the iguana. The iguana closely misses you.
You hit the iguana but do no damage. The iguana barely misses you.
You hit the iguana.
The iguana is moderately wounded.
The iguana bites you!
You hit the iguana.
The iguana is moderately wounded.
The iguana bites you!
You hit the iguana but do no damage.
The iguana is moderately wounded.
The iguana bites you!
You barely miss the iguana.
The iguana is moderately wounded.
The iguana bites you.
You hit the iguana.
The iguana is heavily wounded.
The iguana bites you.
* * * LOW HITPOINT WARNING * * *
Okay, then.
Unknown command.
Okay, then.
Unknown command.
You hit the iguana but do no damage.
The iguana is heavily wounded.
The iguana bites you!
You die...

...# #... ....# ...#
....###... #.......#
.# #...... .. #....#
#..# . #..l.# ... #
#.@.# ##..# #...# #...
# ..#####$..# #..# ###
..........# #..# ##..
.###......## ##.#
###...
###.....###..####....#
##......†#..##...###
#.....#####...###
#....## #...#


You could see an iguana.

Vanquished Creatures
  3 gnolls
  4 adders
  An ufetubus (D:4)
  2 worms (D:2)
  3 dart slugs
  4 orcs (D:4)
  7 ball pythons
  3 endoplasms
  2 giant cockroaches
  7 goblins
  8 hobgoblins
  4 jackals
  A quokka (D:4)
  6 bats
  2 frilled lizards
  8 kobolds
  6 rats
71 creatures vanquished.

Notes
Turn   | Place    | Note
-------+----------+-------------------------------------------
     0 | D:1      | AarnesTheHuman the Hill Orc Monk began the quest for the
                  | Orb.
     0 | D:1      | Reached XP level 1. HP: 19/19 MP: 1/1
    99 | D:1      | Reached XP level 2. HP: 27/27 MP: 2/2
   943 | D:2      | Reached XP level 3. HP: 33/33 MP: 3/3
  1395 | D:2      | Reached skill level 5 in Axes
  1598 | D:2      | Found a faded altar of an unknown god.
  1741 | D:1      | Reached XP level 4. HP: 18/41 MP: 4/4
  2473 | D:2      | Reached skill level 5 in Fighting
  3372 | D:3      | Reached XP level 5. HP: 38/48 MP: 5/5
  4072 | D:4      | Reached skill level 6 in Axes
  4374 | D:4      | Found a staircase to the Ecumenical Temple.
  4476 | D:4      | Slain by an iguana

Illustrated notes

Levels and vault maps discovered:
D:1:      roderic_crossed_star, layout_basic, serial_corexii_hall,
          chequers_hall_statues_wall_a, chequers_hall_statues_corner_a,
          minmay_misc_feat_chi, amethyst_killhole, minmay_crystal_water,
          minmay_tree_intersection
D:2:      layout_loops_corners, nicolae_ecumenical_lake_church
D:3:      minmay_evil_eye, layout_basic, minmay_misc_feat_rugged
D:4:      layout_layer_cave, temple_pool_b, kennysheep_generic_room_5

Skill      XL: |  1  2  3  4  5 |
---------------+----------------+-----
Fighting       | 4 5 |  5.6
Axes           | 5 6 |  6.1
Dodging        | |  2.4
Stealth        | |  1.6

Action                   |  1- 3 |  4- 6 || total
-------------------------+-------+-------++-------
Melee: Hand axe          |   112 |   170 ||   282
       Punch             |     1 |     1 ||     2
Throw: Stone             |     1 |    12 ||    13
  Use: Scroll            |       |     6 ||     6
       Potion            |       |     1 ||     1
 Stab: Sleeping          |     7 |     3 ||    10
Armor: Robe              |     7 |       ||     7
       Leather armour    |     4 |    68 ||    72
Dodge: Dodged            |    52 |    98 ||   150
